Thunderbirds vs Reign

Created - December 12, 2023 at 19:27

Goals
1 2 3 T
Thunderbirds 1 2 1 4
Reign 0 2 1 3
Shots
1 2 3 T
Thunderbirds 12 9 16 37
Reign 6 11 8 25

1st period

1. Thunderbirds , Dominik Kahun 14 (Matt Puempel 9, Tyson Jost 8) at 19:19

Penalties :
Jesse Puljujarvi (Ont) for Tripping (Minor) at 16:03

2nd period

2. Reign , Nick Suzuki 16 (Jesse Puljujarvi 11) at 5:14 (PP)
3. Thunderbirds , Tanner Laczynski 11 (Matt Puempel 10, Drake Batherson 21) at 13:11
4. Reign , Nick Suzuki 17 (Lias Andersson 6, Josh Anderson 7) at 17:12
5. Thunderbirds , Patrick Brown 3 (Dylan Gambrell 15, Anthony Beauvillier 12) at 17:50

Penalties :
Yegor Sharangovich (Ont) for Hooking (Minor) at 1:33, Andrei Svechnikov (Spr) for Holding (Minor) at 5:05, Charlie McAvoy (Ont) for Hooking (Minor) at 5:23, Alexander Romanov (Ont) for Hooking (Minor) at 11:01, Nick Suzuki (Ont) for Holding Stick (Minor) at 19:34

3rd period

6. Reign , Jakub Vrana 10 (Lias Andersson 7) at 0:35 (SH)
7. Thunderbirds , Radim Simek 2 (Anthony Beauvillier 13, Dylan Gambrell 16) at 19:01 (PP)

Penalties :
Kevin Fiala (Ont) for Hooking (Minor) at 5:13, Kevin Fiala (Ont) for Slashing (Minor) at 12:12, Pierre-Luc Dubois (Ont) for Hooking (Minor) at 18:26

Goalie Stats

Brandon Halverson (Spr), 22 saves from 25 shots - (0.880), W, 14-4-0, 60:00 minutes
Eric Comrie (Ont), 33 saves from 37 shots - (0.892), L, 4-5-0, 60:00 minutes

Players Stats for Thunderbirds

Player Name              G  A  P  +/- PIM S  H  SB GA TA FO     MP     PP MP  PK MP  
------------------------------------------------------------------------------------
Andrei Svechnikov        0  0  0   1  2   3  2  1  0  0  0/2    20:34   7:34   0:00 
Anthony Beauvillier      0  2  2   0  0   5  2  0  2  0  0/1    18:39   6:45   0:09 
Dominik Kahun            1  0  1   1  0   3  1  1  0  0  16/29  20:41   7:40   0:00 
Drake Batherson          0  1  1   1  0   2  0  1  0  0  2/4    20:41   7:40   0:00 
Dylan Gambrell           0  2  2   0  0   2  3  0  0  0  6/9    17:32   6:45   0:00 
Jacob Larsson            0  0  0  -2  0   2  2  0  0  1  0/0    25:35   9:15   0:00 
Jake Walman              0  0  0   1  0   1  1  4  1  0  0/0    18:42   5:56   0:09 
Jared McIsaac            0  0  0   0  0   0  0  0  0  0  0/0     4:07   0:00   0:00 
John Draeger             0  0  0   0  0   1  0  2  0  2  0/0    19:22   0:25   0:00 
Kale Clague              0  0  0   1  0   4  3  1  0  0  0/0    26:58   6:12   0:00 
Matt Puempel             0  2  2   1  0   2  2  0  0  0  0/0    13:56   0:09   0:00 
Morgan Frost             0  0  0  -1  0   0  0  0  0  0  2/2     7:17   0:03   0:00 
Nicklas Jensen           0  0  0  -1  0   1  2  0  0  0  0/0     7:17   0:03   0:00 
Patrick Brown            1  0  1   0  0   4  1  0  1  0  0/0    17:32   6:45   0:00 
Radim Simek              1  0  1   2  0   2  0  1  0  1  0/0    25:16   7:08   0:09 
Roberts Lipsbergs        0  0  0  -1  0   2  1  0  0  0  0/0     7:48   0:00   0:00 
Tanner Laczynski         1  0  1   1  0   2  1  0  2  1  0/0    13:23   0:00   0:00 
Tyson Jost               0  1  1   1  0   1  0  1  2  1  6/16   14:30   0:00   0:09 

Players Stats for Reign

Player Name              G  A  P  +/- PIM S  H  SB GA TA FO     MP     PP MP  PK MP  
------------------------------------------------------------------------------------
Alexander Romanov        0  0  0  -1  2   0  1  0  0  1  0/0    10:13   0:00   4:31 
Brady Tkachuk            0  0  0   0  0   2  1  1  1  0  0/0    15:21   0:09   0:43 
Charlie McAvoy           0  0  0  -1  2   1  1  1  0  1  0/0    16:29   0:00   0:57 
Darroll Powe             0  0  0  -1  0   3  0  0  1  2  12/20  19:57   0:00   7:25 
Devon Teows              0  0  0  -1  0   0  0  2  0  1  0/0    21:23   0:00   9:00 
Hunter Drew              0  0  0  -1  0   0  0  0  0  0  0/0     4:15   0:00   0:00 
Jakub Vrana              1  0  1   0  0   1  1  0  0  0  1/1    16:36   0:00   5:49 
Jesse Puljujarvi         0  1  1   0  2   1  4  1  0  0  1/3    16:19   0:09   0:00 
Josh Anderson            0  1  1  -1  0   3  0  2  0  0  0/1    14:57   0:00   7:53 
Kevin Fiala              0  0  0   0  4   3  0  0  2  0  0/0    14:51   0:00   1:41 
Lias Andersson           0  2  2   1  0   0  1  0  0  0  2/6    12:16   0:00   5:19 
Mason Appleton           0  0  0  -1  0   2  0  0  1  0  4/9     9:54   0:00   0:00 
Michael Anderson         0  0  0   0  0   0  0  0  0  2  0/0    11:31   0:09   0:00 
Miro Heiskanen           0  0  0   2  0   3  1  4  0  0  0/0    20:10   0:09   5:28 
Nick Suzuki              2  0  2   0  2   4  1  0  1  0  11/23  16:07   0:09   0:06 
Nicolas Hague            0  0  0  -2  0   0  2  2  0  1  0/0    24:13   0:00   9:00 
Oliver Bjorkstrand       0  0  0  -1  0   1  0  0  0  0  0/0     9:54   0:00   0:00 
Pierre-Luc Dubois        0  0  0   0  2   1  2  1  0  0  0/0     6:36   0:00   0:00 
Roman Josi               0  0  0   1  0   0  0  3  0  0  0/0    12:18   0:00   0:00 
Yegor Sharangovich       0  0  0   0  2   0  1  0  0  0  0/0    12:04   0:00   0:00 

3 Stars

1 - Radim Simek (Spr)
2 - Nick Suzuki (Ont)
3 - Matt Puempel (Spr)

Power Play

Thunderbirds - 1 on 8 Attempt(s) - 12.50%
Reign - 1 on 1 Attempt(s) - 100.00%

Penalty Kill

Thunderbirds - 0 on 1 Attempt(s) - 0.00% - Score 0 goal in Penalty Kill
Reign - 7 on 8 Attempt(s) - 87.50% - Score 1 goal in Penalty Kill

Team Stat

Thunderbirds - Hits : 21 - Faceoff Wins : 32 - Blocked Shots : 12 - Penalty Minutes : 2
Reign - Hits : 16 - Faceoff Wins : 31 - Blocked Shots : 17 - Penalty Minutes : 16

Official

Referees : Wes McCauley and Reid Anderson
Linesman : Bevan Mills and Travis Toomey

Game Notes

Jared McIsaac is injured at 13:38 of 1st period (Strained Groin)

Finance

Level 1 -- Attendance: 2000 (100.00%) -- Ticket Income $140,000
Level 2 -- Attendance: 992 (99.20%) -- Ticket Income $39,680
Total Attendance: 2992 (99.73%)
Total Ticket Income: $179,680
Other Income: $8,984
Total Income: $188,664

Thunderbirds

5 vs 5 Forward 
   Center                   Left Wing                Right Wing               Time % Phy DF OF 
 1 Dominik Kahun            Andrei Svechnikov        Drake Batherson          40     0   2  3  
 2 Dylan Gambrell           Anthony Beauvillier      Patrick Brown            30     0   2  3  
 3 Tyson Jost               Matt Puempel             Tanner Laczynski         20     0   2  3  
 4 Morgan Frost             Roberts Lipsbergs        Nicklas Jensen           10     0   2  3  

5 vs 5 Defense 
   Defense                  Defense                                           Time % Phy DF OF 
 1 Radim Simek              Kale Clague                                       40     0   2  3  
 2 John Draeger             Jacob Larsson                                     30     0   2  3  
 3 Jake Walman              Jared McIsaac                                     20     0   2  3  
 4 Radim Simek              Kale Clague                                       10     0   2  3  

PowerPlay Forward 
   Center                   Left Wing                Right Wing               Time % Phy DF OF 
 1 Dominik Kahun            Andrei Svechnikov        Drake Batherson          60     0   1  4  
 2 Dylan Gambrell           Anthony Beauvillier      Patrick Brown            40     0   1  4  

PowerPlay Defense
   Defense                  Defense                                           Time % Phy DF OF 
 1 Kale Clague              Jacob Larsson                                     60     0   2  3  
 2 Radim Simek              Jared McIsaac                                     40     0   2  3  

Penalty Kill 4 Players Forward 
   Center                   Wing                     Time % Phy DF OF 
 1 Tyson Jost               Anthony Beauvillier      60     1   3  1  
 2 Dominik Kahun            Tanner Laczynski         40     1   3  1  

Penalty Kill 4 Players Defense
   Defense                  Defense                  Time % Phy DF OF 
 1 Radim Simek              Jake Walman              60     1   3  1  
 2 John Draeger             Kale Clague              40     1   3  1  

Penalty Kill - 3 Players Forward 
   Forward                                           Time % Phy DF OF 
 1 Tyson Jost                                        60     1   3  1  
 2 Anthony Beauvillier                               40     1   3  1  

Penalty Kill - 3 Players Defense
   Defense                  Defense                  Time % Phy DF OF 
 1 Radim Simek              Jake Walman              60     1   4  0  
 2 John Draeger             Kale Clague              40     1   4  0  

4 vs 4 Forward 
   Center                   Wing                     Time % Phy DF OF 
 1 Dominik Kahun            Drake Batherson          60     0   2  3  
 2 Dylan Gambrell           Andrei Svechnikov        40     0   2  3  

4 vs 4 Defense
   Defense                  Defense                  Time % Phy DF OF 
 1 Radim Simek              Kale Clague              60     0   2  3  
 2 John Draeger             Jacob Larsson            40     0   2  3  

Last Minutes Offensive
   Center                   Left Wing                Right Wing               Defense                  Defense                  
   Dominik Kahun            Andrei Svechnikov        Drake Batherson          Kale Clague              Jacob Larsson            

Last Minutes Defensive
   Center                   Left Wing                Right Wing               Defense                  Defense                  
   Tyson Jost               Roberts Lipsbergs        Anthony Beauvillier      Radim Simek              John Draeger             

Goaltenders
Starting : Brandon Halverson        
Backup : Joseph Woll              

Extra Forwards
Normal : Anthony Beauvillier, Andrei Svechnikov, Drake Batherson - PP : Anthony Beauvillier, Drake Batherson - PK : Roberts Lipsbergs
Extra Defensemen
Normal : Jacob Larsson, Kale Clague, Radim Simek - PP : Jake Walman - PK : John Draeger, Radim Simek
Penalty Shots
Andrei Svechnikov, Anthony Beauvillier, Tanner Laczynski, Patrick Brown, Drake Batherson
Custom OT Lines Forwards
Anthony Beauvillier, Drake Batherson, Tanner Laczynski, Andrei Svechnikov, Dominik Kahun, Dylan Gambrell, Tyson Jost, Morgan Frost, Patrick Brown, Matt Puempel
Custom OT Lines Defensemen
Radim Simek, John Draeger, Kale Clague, Jake Walman, Jacob Larsson

Scratches
Austin Poganski (Healthy), Mitchell Heard (Healthy), Viktor Baldayev (Healthy), Artur Kayumov (Healthy), Kirill Marchenko (Healthy)
Ivan Prosvetov (Healthy), Jakub Skarek (Healthy)

Reign

5 vs 5 Forward 
   Center                   Left Wing                Right Wing               Time % Phy DF OF 
 1 Nick Suzuki              Brady Tkachuk            Jesse Puljujarvi         35     1   2  2  
 2 Darroll Powe             Kevin Fiala              Yegor Sharangovich       30     1   2  2  
 3 Mason Appleton           Jakub Vrana              Oliver Bjorkstrand       25     1   2  2  
 4 Lias Andersson           Pierre-Luc Dubois        Josh Anderson            10     1   2  2  

5 vs 5 Defense 
   Defense                  Defense                                           Time % Phy DF OF 
 1 Charlie McAvoy           Nicolas Hague                                     35     0   3  2  
 2 Miro Heiskanen           Roman Josi                                        30     0   3  2  
 3 Michael Anderson         Devon Teows                                       25     0   3  2  
 4 Alexander Romanov        Hunter Drew                                       10     1   3  1  

PowerPlay Forward 
   Center                   Left Wing                Right Wing               Time % Phy DF OF 
 1 Nick Suzuki              Brady Tkachuk            Jesse Puljujarvi         55     1   1  3  
 2 Jakub Vrana              Oliver Bjorkstrand       Yegor Sharangovich       45     1   1  3  

PowerPlay Defense
   Defense                  Defense                                           Time % Phy DF OF 
 1 Michael Anderson         Miro Heiskanen                                    70     0   2  3  
 2 Charlie McAvoy           Devon Teows                                       30     0   3  2  

Penalty Kill 4 Players Forward 
   Center                   Wing                     Time % Phy DF OF 
 1 Darroll Powe             Josh Anderson            60     1   3  1  
 2 Jakub Vrana              Lias Andersson           40     1   3  1  

Penalty Kill 4 Players Defense
   Defense                  Defense                  Time % Phy DF OF 
 1 Nicolas Hague            Devon Teows              60     1   4  0  
 2 Miro Heiskanen           Alexander Romanov        40     1   4  0  

Penalty Kill - 3 Players Forward 
   Forward                                           Time % Phy DF OF 
 1 Darroll Powe                                      60     1   3  1  
 2 Kevin Fiala                                       40     1   3  1  

Penalty Kill - 3 Players Defense
   Defense                  Defense                  Time % Phy DF OF 
 1 Nicolas Hague            Devon Teows              60     1   4  0  
 2 Miro Heiskanen           Alexander Romanov        40     1   4  0  

4 vs 4 Forward 
   Center                   Wing                     Time % Phy DF OF 
 1 Darroll Powe             Kevin Fiala              60     1   2  2  
 2 Nick Suzuki              Brady Tkachuk            40     1   2  2  

4 vs 4 Defense
   Defense                  Defense                  Time % Phy DF OF 
 1 Charlie McAvoy           Nicolas Hague            60     1   2  2  
 2 Devon Teows              Miro Heiskanen           40     1   2  2  

Last Minutes Offensive
   Center                   Left Wing                Right Wing               Defense                  Defense                  
   Nick Suzuki              Kevin Fiala              Jesse Puljujarvi         Charlie McAvoy           Miro Heiskanen           

Last Minutes Defensive
   Center                   Left Wing                Right Wing               Defense                  Defense                  
   Darroll Powe             Kevin Fiala              Josh Anderson            Charlie McAvoy           Nicolas Hague            

Goaltenders
Starting : Eric Comrie              
Backup : Cayden Primeau           

Extra Forwards
Normal : Pierre-Luc Dubois, Brady Tkachuk, Jakub Vrana - PP : Jakub Vrana, Josh Anderson - PK : Kevin Fiala
Extra Defensemen
Normal : Charlie McAvoy, Miro Heiskanen, Devon Teows - PP : Roman Josi - PK : Charlie McAvoy, Roman Josi
Penalty Shots
Kevin Fiala, Nick Suzuki, Jesse Puljujarvi, Yegor Sharangovich, Jakub Vrana
Custom OT Lines Forwards
Darroll Powe, Jesse Puljujarvi, Nick Suzuki, Kevin Fiala, Brady Tkachuk, Jakub Vrana, Oliver Bjorkstrand, Pierre-Luc Dubois, Josh Anderson, Yegor Sharangovich
Custom OT Lines Defensemen
Charlie McAvoy, Nicolas Hague, Roman Josi, Miro Heiskanen, Alexander Romanov

Scratches
Chandler Stephenson (Healthy), Timothy Liljegren (Broken Ribs Injury), Tomas Hyka (Healthy), Clayton Keller (Healthy), Michael Pezzetta (Healthy)
Justus Annunen (Healthy)

% Time on Ice - Thunderbirds

Lines # - Real PCT - Wanted PCT - Time Play
Normal Forward
1 - 30% - 40% - 13:25
2 - 24% - 30% - 10:47
3 - 30% - 20% - 13:23
4 - 15% - 10% - 6:50
Normal Defense
1 - 34% - 40% - 14:55
2 - 33% - 30% - 14:47
3 - 31% - 20% - 13:54
4 - 2% - 10% - 0:49
PP Forward
1 - 53% - 60% - 7:43
2 - 47% - 40% - 6:45
PP Defense
1 - 50% - 60% - 7:17
2 - 50% - 40% - 7:11
PK Forward
1 - 100% - 60% - 0:09
2 - 0% - 40% - 0:00
PK Defense
1 - 100% - 60% - 0:09
2 - 0% - 40% - 0:00
PK3 Forward
1 - 0% - 60%
2 - 0% - 40%
PK3 Defense
1 - 0% - 60%
2 - 0% - 40%
44 Forward
1 - 0% - 60%
2 - 0% - 40%
44 Defense
1 - 0% - 60%
2 - 0% - 40%
Last Minute Offensive  - 0:00
Last Minute Defensive  - 0:58
Total
Forward - 60:00
Defense - 60:00

% Time on Ice - Reign

Lines # - Real PCT - Wanted PCT - Time Play
Normal Forward
1 - 37% - 35% - 16:22
2 - 27% - 30% - 12:05
3 - 22% - 25% - 9:54
4 - 14% - 10% - 6:04
Normal Defense
1 - 34% - 35% - 15:13
2 - 31% - 30% - 13:35
3 - 26% - 25% - 11:22
4 - 10% - 10% - 4:15
PP Forward
1 - 100% - 55% - 0:09
2 - 0% - 45% - 0:00
PP Defense
1 - 100% - 70% - 0:09
2 - 0% - 30% - 0:00
PK Forward
1 - 73% - 60% - 10:33
2 - 27% - 40% - 3:55
PK Defense
1 - 62% - 60% - 9:00
2 - 38% - 40% - 5:28
PK3 Forward
1 - 0% - 60%
2 - 0% - 40%
PK3 Defense
1 - 0% - 60%
2 - 0% - 40%
44 Forward
1 - 0% - 60%
2 - 0% - 40%
44 Defense
1 - 0% - 60%
2 - 0% - 40%
Last Minute Offensive  - 0:58
Last Minute Defensive  - 0:00
Total
Forward - 60:00
Defense - 60:00

Play-by-Play

1st period


0:01 of 1st period - Jesse Puljujarvi wins face-off versus Dominik Kahun in neutral zone.
0:08 of 1st period - Slapshot by Jesse Puljujarvi.
0:08 of 1st period - Shot Misses the Net.
0:10 of 1st period - Slapshot by Charlie McAvoy.
0:10 of 1st period - Stopped by Brandon Halverson without a rebound.
0:11 of 1st period - Dylan Gambrell wins face-off versus Darroll Powe in Thunderbirds zone.
0:20 of 1st period - Wrist shot by Darroll Powe.
0:20 of 1st period - Shot Misses the Net.
0:24 of 1st period - Snap shot by Darroll Powe.
0:24 of 1st period - Shot Misses the Net.
0:26 of 1st period - Slapshot by Darroll Powe.
0:26 of 1st period - Shot Misses the Net.
0:59 of 1st period - Slapshot by Drake Batherson.
0:59 of 1st period - Stopped by Eric Comrie without a rebound.
1:00 of 1st period - Dominik Kahun wins face-off versus Lias Andersson in Reign zone.
1:34 of 1st period - Snap shot by Nicklas Jensen.
1:34 of 1st period - Shot Blocked by Nicolas Hague.
1:56 of 1st period - Wrist shot by Patrick Brown.
1:56 of 1st period - Stopped by Eric Comrie with a rebound.
2:11 of 1st period - Off-side.
2:12 of 1st period - Darroll Powe wins face-off versus Tyson Jost in neutral zone.
3:05 of 1st period - Snap shot by Josh Anderson.
3:05 of 1st period - Deflect By John Draeger.
3:05 of 1st period - Stopped by Brandon Halverson with a rebound.
3:21 of 1st period - Backhand shot by Oliver Bjorkstrand.
3:21 of 1st period - Stopped by Brandon Halverson with a rebound.
3:23 of 1st period - Wrist shot by Jakub Vrana.
3:23 of 1st period - Shot Misses the Net.
3:25 of 1st period - Slapshot by Roman Josi.
3:25 of 1st period - Shot Misses the Net.
3:27 of 1st period - Wrist shot by Oliver Bjorkstrand.
3:27 of 1st period - Shot Blocked by John Draeger.
3:29 of 1st period - Wrist shot by Oliver Bjorkstrand.
3:29 of 1st period - Shot Misses the Net.
3:31 of 1st period - Wrist shot by Mason Appleton.
3:31 of 1st period - Shot Misses the Net.
4:31 of 1st period - Roberts Lipsbergs is hit by Alexander Romanov and loses puck.
5:05 of 1st period - Wrist shot by Oliver Bjorkstrand.
5:05 of 1st period - Shot Misses the Net.
6:07 of 1st period - Snap shot by Oliver Bjorkstrand.
6:07 of 1st period - Shot Blocked by Jake Walman.
6:09 of 1st period - Slapshot by Nicolas Hague.
6:09 of 1st period - Shot Blocked by Jake Walman.
6:23 of 1st period - Tanner Laczynski is hit by Jesse Puljujarvi and loses puck.
6:47 of 1st period - Snap shot by Kevin Fiala.
6:47 of 1st period - Stopped by Brandon Halverson without a rebound.
6:48 of 1st period - Darroll Powe wins face-off versus Dominik Kahun in Thunderbirds zone.
7:19 of 1st period - Snap shot by Anthony Beauvillier.
7:19 of 1st period - Shot Misses the Net.
7:21 of 1st period - Wrist shot by Anthony Beauvillier.
7:21 of 1st period - Shot Blocked by Jesse Puljujarvi.
7:23 of 1st period - Slapshot by Jacob Larsson.
7:23 of 1st period - Shot Blocked by Roman Josi.
7:39 of 1st period - Wrist shot by Morgan Frost.
7:39 of 1st period - Shot Misses the Net.
8:19 of 1st period - Wrist shot by Mason Appleton.
8:19 of 1st period - Stopped by Brandon Halverson without a rebound.
8:20 of 1st period - Dominik Kahun wins face-off versus Jesse Puljujarvi in Thunderbirds zone.
8:42 of 1st period - Icing by Brady Tkachuk.
8:43 of 1st period - Morgan Frost wins face-off versus Nick Suzuki in Reign zone.
8:44 of 1st period - Slapshot by Nicklas Jensen.
8:44 of 1st period - Stopped by Eric Comrie without a rebound.
8:45 of 1st period - Dylan Gambrell wins face-off versus Darroll Powe in Reign zone.
9:09 of 1st period - Icing by Dylan Gambrell.
9:10 of 1st period - Drake Batherson wins face-off versus Nick Suzuki in Thunderbirds zone.
9:10 of 1st period - Drake Batherson is hit by Brady Tkachuk.
9:20 of 1st period - Snap shot by Dominik Kahun.
9:20 of 1st period - Stopped by Eric Comrie without a rebound.
9:21 of 1st period - Darroll Powe wins face-off versus Dominik Kahun in Reign zone.
9:25 of 1st period - Off-side.
9:26 of 1st period - Dominik Kahun wins face-off versus Darroll Powe in neutral zone.
10:39 of 1st period - Pierre-Luc Dubois is hit by Andrei Svechnikov and loses puck.
11:20 of 1st period - Icing by Nicklas Jensen.
11:21 of 1st period - Morgan Frost wins face-off versus Nick Suzuki in Thunderbirds zone.
11:21 of 1st period - Morgan Frost is hit by Miro Heiskanen.
11:37 of 1st period - Snap shot by Jesse Puljujarvi.
11:37 of 1st period - Shot Blocked by Dominik Kahun.
12:13 of 1st period - Wrist shot by Oliver Bjorkstrand.
12:13 of 1st period - Shot Blocked by Tyson Jost.
12:17 of 1st period - Wrist shot by Mason Appleton.
12:17 of 1st period - Stopped by Brandon Halverson with a rebound.
12:38 of 1st period - Snap shot by Roberts Lipsbergs.
12:38 of 1st period - Stopped by Eric Comrie with a rebound.
12:41 of 1st period - Icing by Josh Anderson.
12:42 of 1st period - Lias Andersson wins face-off versus Drake Batherson in Reign zone.
12:42 of 1st period - Lias Andersson is hit by Dominik Kahun.
13:15 of 1st period - Snap shot by Dominik Kahun.
13:15 of 1st period - Shot Blocked by Devon Teows.
13:37 of 1st period - Jared McIsaac is hit by Lias Andersson and loses puck.
13:38 of 1st period - Jared McIsaac from Thunderbirds is injured at 13:38 of 1st period (Strained Groin).
13:39 of 1st period - Nick Suzuki wins face-off versus Dylan Gambrell in Thunderbirds zone.
14:29 of 1st period - Snap shot by Mason Appleton.
14:29 of 1st period - Shot Misses the Net.
14:55 of 1st period - Wrist shot by Tanner Laczynski.
14:55 of 1st period - Deflect By Matt Puempel.
14:55 of 1st period - Shot Blocked by Roman Josi.
14:55 of 1st period - Puck is out of play.
14:56 of 1st period - Dylan Gambrell wins face-off versus Darroll Powe in Reign zone.
15:15 of 1st period - Radim Simek is hit by Yegor Sharangovich and loses puck.
15:44 of 1st period - Backhand shot by Patrick Brown.
15:44 of 1st period - Stopped by Eric Comrie with a rebound.
15:50 of 1st period - Snap shot by Dylan Gambrell.
15:50 of 1st period - Stopped by Eric Comrie with a rebound.
15:52 of 1st period - Slapshot by Radim Simek.
15:52 of 1st period - Shot Hit the Post.
15:56 of 1st period - Slapshot by Anthony Beauvillier.
15:56 of 1st period - Stopped by Eric Comrie with a rebound.
15:58 of 1st period - Slapshot by Kale Clague.
15:58 of 1st period - Stopped by Eric Comrie with a rebound.
16:00 of 1st period - Snap shot by Radim Simek.
16:00 of 1st period - Deflect By Patrick Brown.
16:00 of 1st period - Stopped by Eric Comrie without a rebound.
16:01 of 1st period - Nick Suzuki wins face-off versus Dominik Kahun in Reign zone.
16:03 of 1st period - Minor Penalty to Jesse Puljujarvi for Tripping.
16:04 of 1st period - Darroll Powe wins face-off versus Dominik Kahun in Reign zone.
18:03 of 1st period - Penalty to Jesse Puljujarvi is over, Jesse Puljujarvi is back on ice.
18:11 of 1st period - Lias Andersson is hit by Nicklas Jensen and loses puck.
18:26 of 1st period - Wrist shot by Jakub Vrana.
18:26 of 1st period - Shot Blocked by John Draeger.
18:36 of 1st period - Jakub Vrana is hit by Jacob Larsson and loses puck.
18:49 of 1st period - Wrist shot by Roberts Lipsbergs.
18:49 of 1st period - Stopped by Eric Comrie without a rebound.
18:50 of 1st period - Darroll Powe wins face-off versus Tyson Jost in Reign zone.
19:04 of 1st period - Miro Heiskanen is hit by Jake Walman and loses puck.
19:19 of 1st period - Wrist shot by Dominik Kahun.
19:19 of 1st period - Goal by Dominik Kahun - Thunderbirds : 1 - Reign : 0.
19:20 of 1st period - Dominik Kahun wins face-off versus Nick Suzuki in neutral zone.
19:25 of 1st period - Brady Tkachuk is hit by Andrei Svechnikov.
19:39 of 1st period - Andrei Svechnikov is hit by Jesse Puljujarvi and loses puck.
Goals for this period are 1 for Thunderbirds vs 0 for Reign.
Shots for this period are 12 for Thunderbirds vs 6 for Reign.

2nd period


0:01 of 2nd period - Dominik Kahun wins face-off versus Mason Appleton in neutral zone.
0:47 of 2nd period - Icing by Jacob Larsson.
0:48 of 2nd period - Darroll Powe wins face-off versus Tyson Jost in Thunderbirds zone.
0:51 of 2nd period - Snap shot by Darroll Powe.
0:51 of 2nd period - Stopped by Brandon Halverson with a rebound.
1:03 of 2nd period - Wrist shot by Darroll Powe.
1:03 of 2nd period - Stopped by Brandon Halverson with a rebound.
1:33 of 2nd period - Minor Penalty to Yegor Sharangovich for Hooking.
1:34 of 2nd period - Dominik Kahun wins face-off versus Darroll Powe in Reign zone.
3:33 of 2nd period - Penalty to Yegor Sharangovich is over, Yegor Sharangovich is back on ice.
4:46 of 2nd period - Snap shot by Josh Anderson.
4:46 of 2nd period - Stopped by Brandon Halverson without a rebound.
4:47 of 2nd period - Nick Suzuki wins face-off versus Tyson Jost in Thunderbirds zone.
5:00 of 2nd period - Wrist shot by Brady Tkachuk.
5:00 of 2nd period - Deflect By Jesse Puljujarvi.
5:00 of 2nd period - Shot Blocked by Jake Walman.
5:00 of 2nd period - Puck is out of play.
5:01 of 2nd period - Mason Appleton wins face-off versus Dominik Kahun in Thunderbirds zone.
5:05 of 2nd period - Minor Penalty to Andrei Svechnikov for Holding.
5:06 of 2nd period - Nick Suzuki wins face-off versus Tyson Jost in Thunderbirds zone.
5:14 of 2nd period - Wrist shot by Nick Suzuki.
5:14 of 2nd period - Goal by Nick Suzuki - Thunderbirds : 1 - Reign : 1.
5:15 of 2nd period - Mason Appleton wins face-off versus Dominik Kahun in neutral zone.
5:23 of 2nd period - Minor Penalty to Charlie McAvoy for Hooking.
5:24 of 2nd period - Dominik Kahun wins face-off versus Darroll Powe in Reign zone.
7:23 of 2nd period - Penalty to Charlie McAvoy is over, Charlie McAvoy is back on ice.
7:29 of 2nd period - Slapshot by Miro Heiskanen.
7:29 of 2nd period - Stopped by Brandon Halverson with a rebound.
7:35 of 2nd period - Wrist shot by Matt Puempel.
7:35 of 2nd period - Stopped by Eric Comrie with a rebound.
7:37 of 2nd period - Snap shot by Tanner Laczynski.
7:37 of 2nd period - Stopped by Eric Comrie with a rebound.
8:02 of 2nd period - Snap shot by Brady Tkachuk.
8:02 of 2nd period - Stopped by Brandon Halverson without a rebound.
8:03 of 2nd period - Tyson Jost wins face-off versus Mason Appleton in Thunderbirds zone.
8:10 of 2nd period - Nicolas Hague is hit by Matt Puempel and loses puck.
9:09 of 2nd period - Radim Simek is hit by Pierre-Luc Dubois and loses puck.
9:16 of 2nd period - Lias Andersson is hit by Dylan Gambrell and loses puck.
9:39 of 2nd period - Alexander Romanov is hit by Matt Puempel and loses puck.
9:50 of 2nd period - Snap shot by Mason Appleton.
9:50 of 2nd period - Shot Blocked by Kale Clague.
9:52 of 2nd period - Wrist shot by Nick Suzuki.
9:52 of 2nd period - Shot Misses the Net.
10:38 of 2nd period - Patrick Brown is hit by Nicolas Hague and loses puck.
10:43 of 2nd period - Wrist shot by Josh Anderson.
10:43 of 2nd period - Stopped by Brandon Halverson without a rebound.
10:44 of 2nd period - Nick Suzuki wins face-off versus Dylan Gambrell in Thunderbirds zone.
11:01 of 2nd period - Minor Penalty to Alexander Romanov for Hooking.
11:02 of 2nd period - Dominik Kahun wins face-off versus Darroll Powe in Reign zone.
11:18 of 2nd period - Snap shot by Andrei Svechnikov.
11:18 of 2nd period - Stopped by Eric Comrie with a rebound.
11:28 of 2nd period - Josh Anderson is hit by Dylan Gambrell and loses puck.
11:33 of 2nd period - Wrist shot by Patrick Brown.
11:33 of 2nd period - Shot Blocked by Josh Anderson.
11:45 of 2nd period - Snap shot by Darroll Powe.
11:45 of 2nd period - Stopped by Brandon Halverson with a rebound.
12:21 of 2nd period - Jakub Vrana is hit by Dylan Gambrell and loses puck.
13:01 of 2nd period - Penalty to Alexander Romanov is over, Alexander Romanov is back on ice.
13:11 of 2nd period - Wrist shot by Tanner Laczynski.
13:11 of 2nd period - Goal by Tanner Laczynski - Thunderbirds : 2 - Reign : 1.
13:12 of 2nd period - Mason Appleton wins face-off versus Dominik Kahun in neutral zone.
13:22 of 2nd period - Slapshot by Oliver Bjorkstrand.
13:22 of 2nd period - Shot Misses the Net.
13:24 of 2nd period - Snap shot by Mason Appleton.
13:24 of 2nd period - Shot Blocked by Andrei Svechnikov.
13:26 of 2nd period - Slapshot by Miro Heiskanen.
13:26 of 2nd period - Stopped by Brandon Halverson without a rebound.
13:27 of 2nd period - Dylan Gambrell wins face-off versus Nick Suzuki in Thunderbirds zone.
13:52 of 2nd period - Mason Appleton is hit by Kale Clague.
14:14 of 2nd period - Slapshot by Radim Simek.
14:14 of 2nd period - Shot Misses the Net.
14:50 of 2nd period - Jacob Larsson is hit by Pierre-Luc Dubois.
15:36 of 2nd period - Wrist shot by Tanner Laczynski.
15:36 of 2nd period - Shot Misses the Net.
15:38 of 2nd period - Slapshot by Jacob Larsson.
15:38 of 2nd period - Deflect By Darroll Powe.
15:38 of 2nd period - Stopped by Eric Comrie without a rebound.
15:39 of 2nd period - Drake Batherson wins face-off versus Nick Suzuki in Reign zone.
16:04 of 2nd period - Kale Clague is hit by Jakub Vrana and loses puck.
16:30 of 2nd period - Devon Teows is hit by Kale Clague and loses puck.
16:37 of 2nd period - Wrist shot by Matt Puempel.
16:37 of 2nd period - Stopped by Eric Comrie with a rebound.
17:10 of 2nd period - Wrist shot by Nick Suzuki.
17:10 of 2nd period - Stopped by Brandon Halverson with a rebound.
17:12 of 2nd period - Wrist shot by Nick Suzuki.
17:12 of 2nd period - Goal by Nick Suzuki - Thunderbirds : 2 - Reign : 2.
17:13 of 2nd period - Dominik Kahun wins face-off versus Nick Suzuki in neutral zone.
17:18 of 2nd period - Slapshot by Kale Clague.
17:18 of 2nd period - Stopped by Eric Comrie without a rebound.
17:19 of 2nd period - Dominik Kahun wins face-off versus Nick Suzuki in Reign zone.
17:48 of 2nd period - Snap shot by Dylan Gambrell.
17:48 of 2nd period - Stopped by Eric Comrie with a rebound.
17:50 of 2nd period - Slapshot by Patrick Brown.
17:50 of 2nd period - Goal by Patrick Brown - Thunderbirds : 3 - Reign : 2.
17:51 of 2nd period - Dominik Kahun wins face-off versus Nick Suzuki in neutral zone.
19:34 of 2nd period - Minor Penalty to Nick Suzuki for Holding Stick.
19:35 of 2nd period - Darroll Powe wins face-off versus Dominik Kahun in Reign zone.
Goals for this period are 2 for Thunderbirds vs 2 for Reign.
Shots for this period are 9 for Thunderbirds vs 11 for Reign.

3rd period


0:01 of 3rd period - Darroll Powe wins face-off versus Andrei Svechnikov in neutral zone.
0:26 of 3rd period - Jacob Larsson is hit by Nicolas Hague and loses puck.
0:35 of 3rd period - Wrist shot by Jakub Vrana.
0:35 of 3rd period - Goal by Jakub Vrana - Thunderbirds : 3 - Reign : 3.
0:36 of 3rd period - Darroll Powe wins face-off versus Dominik Kahun in neutral zone.
1:34 of 3rd period - Penalty to Nick Suzuki is over, Nick Suzuki is back on ice.
1:40 of 3rd period - Backhand shot by Nick Suzuki.
1:40 of 3rd period - Shot Misses the Net.
2:10 of 3rd period - Jakub Vrana is hit by Jacob Larsson and loses puck.
2:25 of 3rd period - Wrist shot by Jesse Puljujarvi.
2:25 of 3rd period - Shot Blocked by Drake Batherson.
2:49 of 3rd period - Snap shot by Patrick Brown.
2:49 of 3rd period - Shot Blocked by Pierre-Luc Dubois.
2:51 of 3rd period - Slapshot by Kale Clague.
2:51 of 3rd period - Stopped by Eric Comrie with a rebound.
3:05 of 3rd period - Slapshot by Jacob Larsson.
3:05 of 3rd period - Shot Blocked by Devon Teows.
3:07 of 3rd period - Snap shot by Jacob Larsson.
3:07 of 3rd period - Deflect By Tanner Laczynski.
3:07 of 3rd period - Shot Misses the Net.
3:07 of 3rd period - Puck is out of play.
3:08 of 3rd period - Tyson Jost wins face-off versus Mason Appleton in Reign zone.
3:25 of 3rd period - Roman Josi is hit by Tanner Laczynski and loses puck.
3:30 of 3rd period - Wrist shot by Tanner Laczynski.
3:30 of 3rd period - Shot Blocked by Roman Josi.
3:32 of 3rd period - Slapshot by Kale Clague.
3:32 of 3rd period - Stopped by Eric Comrie without a rebound.
3:33 of 3rd period - Dominik Kahun wins face-off versus Nick Suzuki in Reign zone.
3:52 of 3rd period - Andrei Svechnikov is hit by Nick Suzuki and loses puck.
4:11 of 3rd period - Slapshot by Darroll Powe.
4:11 of 3rd period - Shot Misses the Net.
4:13 of 3rd period - Snap shot by Kevin Fiala.
4:13 of 3rd period - Deflect By Yegor Sharangovich.
4:13 of 3rd period - Shot Misses the Net.
4:13 of 3rd period - Puck is out of play.
4:14 of 3rd period - Mason Appleton wins face-off versus Tyson Jost in Thunderbirds zone.
5:13 of 3rd period - Minor Penalty to Kevin Fiala for Hooking.
5:14 of 3rd period - Darroll Powe wins face-off versus Dominik Kahun in Reign zone.
5:40 of 3rd period - Nicolas Hague is hit by Anthony Beauvillier and loses puck.
7:13 of 3rd period - Penalty to Kevin Fiala is over, Kevin Fiala is back on ice.
7:15 of 3rd period - Wrist shot by Kevin Fiala.
7:15 of 3rd period - Stopped by Brandon Halverson without a rebound.
7:16 of 3rd period - Nick Suzuki wins face-off versus Dominik Kahun in Thunderbirds zone.
7:31 of 3rd period - Slapshot by Jacob Larsson.
7:31 of 3rd period - Stopped by Eric Comrie with a rebound.
7:47 of 3rd period - Wrist shot by Brady Tkachuk.
7:47 of 3rd period - Shot Misses the Net.
7:49 of 3rd period - Snap shot by Brady Tkachuk.
7:49 of 3rd period - Shot Misses the Net.
8:07 of 3rd period - Kevin Fiala is hit by Anthony Beauvillier and loses puck.
8:21 of 3rd period - Icing by Jake Walman.
8:22 of 3rd period - Tyson Jost wins face-off versus Lias Andersson in Thunderbirds zone.
8:38 of 3rd period - Off-side.
8:39 of 3rd period - Nick Suzuki wins face-off versus Drake Batherson in neutral zone.
8:42 of 3rd period - Snap shot by Miro Heiskanen.
8:42 of 3rd period - Stopped by Brandon Halverson without a rebound.
8:43 of 3rd period - Dominik Kahun wins face-off versus Jesse Puljujarvi in Thunderbirds zone.
8:45 of 3rd period - Drake Batherson is hit by Jesse Puljujarvi and loses puck.
9:12 of 3rd period - Snap shot by Kevin Fiala.
9:12 of 3rd period - Stopped by Brandon Halverson with a rebound.
9:51 of 3rd period - Slapshot by Pierre-Luc Dubois.
9:51 of 3rd period - Stopped by Brandon Halverson with a rebound.
10:47 of 3rd period - Off-side.
10:48 of 3rd period - Tyson Jost wins face-off versus Mason Appleton in neutral zone.
11:15 of 3rd period - Slapshot by Kevin Fiala.
11:15 of 3rd period - Shot Misses the Net.
12:04 of 3rd period - Kale Clague is hit by Charlie McAvoy and loses puck.
12:07 of 3rd period - Slapshot by Radim Simek.
12:07 of 3rd period - Stopped by Eric Comrie with a rebound.
12:09 of 3rd period - Wrist shot by Andrei Svechnikov.
12:09 of 3rd period - Stopped by Eric Comrie without a rebound.
12:10 of 3rd period - Darroll Powe wins face-off versus Dylan Gambrell in Reign zone.
12:12 of 3rd period - Minor Penalty to Kevin Fiala for Slashing.
12:13 of 3rd period - Dominik Kahun wins face-off versus Darroll Powe in Reign zone.
12:56 of 3rd period - Slapshot by Jakub Vrana.
12:56 of 3rd period - Shot Misses the Net.
12:58 of 3rd period - Backhand shot by Miro Heiskanen.
12:58 of 3rd period - Deflect By Jakub Vrana.
12:58 of 3rd period - Shot Blocked by Jake Walman.
12:58 of 3rd period - Puck is out of play.
12:59 of 3rd period - Darroll Powe wins face-off versus Dominik Kahun in Thunderbirds zone.
13:06 of 3rd period - Snap shot by Josh Anderson.
13:06 of 3rd period - Shot Blocked by Radim Simek.
14:12 of 3rd period - Penalty to Kevin Fiala is over, Kevin Fiala is back on ice.
14:43 of 3rd period - Kevin Fiala is hit by Nicklas Jensen.
15:36 of 3rd period - Wrist shot by Nick Suzuki.
15:36 of 3rd period - Stopped by Brandon Halverson without a rebound.
15:37 of 3rd period - Nick Suzuki wins face-off versus Tyson Jost in Thunderbirds zone.
15:38 of 3rd period - Wrist shot by Brady Tkachuk.
15:38 of 3rd period - Stopped by Brandon Halverson without a rebound.
15:39 of 3rd period - Nick Suzuki wins face-off versus Tyson Jost in Thunderbirds zone.
15:58 of 3rd period - Michael Anderson is hit by Kale Clague and loses puck.
16:25 of 3rd period - Tanner Laczynski is hit by Jesse Puljujarvi and loses puck.
16:48 of 3rd period - Slapshot by Jesse Puljujarvi.
16:48 of 3rd period - Stopped by Brandon Halverson with a rebound.
17:19 of 3rd period - Slapshot by Jacob Larsson.
17:19 of 3rd period - Deflect By Tanner Laczynski.
17:19 of 3rd period - Shot Blocked by Brady Tkachuk.
17:19 of 3rd period - Puck is out of play.
17:20 of 3rd period - Jakub Vrana wins face-off versus Andrei Svechnikov in Reign zone.
17:47 of 3rd period - Charlie McAvoy is hit by Patrick Brown.
17:48 of 3rd period - Icing by Charlie McAvoy.
17:49 of 3rd period - Dylan Gambrell wins face-off versus Lias Andersson in Reign zone.
18:00 of 3rd period - Wrist shot by Anthony Beauvillier.
18:00 of 3rd period - Stopped by Eric Comrie with a rebound.
18:02 of 3rd period - Snap shot by Kale Clague.
18:02 of 3rd period - Shot Misses the Net.
18:04 of 3rd period - Slapshot by Jake Walman.
18:04 of 3rd period - Stopped by Eric Comrie without a rebound.
18:05 of 3rd period - Dominik Kahun wins face-off versus Mason Appleton in Reign zone.
18:11 of 3rd period - Slapshot by Jake Walman.
18:11 of 3rd period - Shot Misses the Net.
18:19 of 3rd period - Wrist shot by Dominik Kahun.
18:19 of 3rd period - Stopped by Eric Comrie with a rebound.
18:21 of 3rd period - Slapshot by Radim Simek.
18:21 of 3rd period - Deflect By Andrei Svechnikov.
18:21 of 3rd period - Shot Blocked by Miro Heiskanen.
18:21 of 3rd period - Puck is out of play.
18:22 of 3rd period - Dylan Gambrell wins face-off versus Lias Andersson in Reign zone.
18:23 of 3rd period - Snap shot by Anthony Beauvillier.
18:23 of 3rd period - Deflect By Patrick Brown.
18:23 of 3rd period - Shot Blocked by Nicolas Hague.
18:23 of 3rd period - Puck is out of play.
18:24 of 3rd period - Lias Andersson wins face-off versus Anthony Beauvillier in Reign zone.
18:26 of 3rd period - Minor Penalty to Pierre-Luc Dubois for Hooking.
18:27 of 3rd period - Dominik Kahun wins face-off versus Josh Anderson in Reign zone.
18:39 of 3rd period - Slapshot by Drake Batherson.
18:39 of 3rd period - Stopped by Eric Comrie with a rebound.
18:41 of 3rd period - Slapshot by Jacob Larsson.
18:41 of 3rd period - Shot Blocked by Josh Anderson.
18:43 of 3rd period - Snap shot by Andrei Svechnikov.
18:43 of 3rd period - Stopped by Eric Comrie with a rebound.
18:59 of 3rd period - Slapshot by Anthony Beauvillier.
18:59 of 3rd period - Stopped by Eric Comrie with a rebound.
19:01 of 3rd period - Slapshot by Radim Simek.
19:01 of 3rd period - Goal by Radim Simek - Thunderbirds : 4 - Reign : 3.
19:02 of 3rd period - Tyson Jost wins face-off versus Nick Suzuki in neutral zone.
19:11 of 3rd period - Wrist shot by Anthony Beauvillier.
19:11 of 3rd period - Deflect By Nick Suzuki.
19:11 of 3rd period - Shot Misses the Net.
19:11 of 3rd period - Puck is out of play.
19:12 of 3rd period - Michel Therrien call a timeout for Reign.
19:12 of 3rd period - Nick Suzuki wins face-off versus Tyson Jost in Reign zone.
19:23 of 3rd period - Wrist shot by Tyson Jost.
19:23 of 3rd period - Stopped by Eric Comrie with a rebound.
19:25 of 3rd period - Snap shot by Radim Simek.
19:25 of 3rd period - Shot Blocked by Miro Heiskanen.
19:27 of 3rd period - Snap shot by Radim Simek.
19:27 of 3rd period - Shot Misses the Net.
19:31 of 3rd period - Slapshot by Anthony Beauvillier.
19:31 of 3rd period - Stopped by Eric Comrie without a rebound.
19:32 of 3rd period - Tyson Jost wins face-off versus Nick Suzuki in Reign zone.
19:35 of 3rd period - Snap shot by Anthony Beauvillier.
19:35 of 3rd period - Stopped by Eric Comrie with a rebound.
19:37 of 3rd period - Snap shot by Radim Simek.
19:37 of 3rd period - Shot Blocked by Miro Heiskanen.
19:39 of 3rd period - Wrist shot by John Draeger.
19:39 of 3rd period - Stopped by Eric Comrie with a rebound.
19:41 of 3rd period - Wrist shot by Roberts Lipsbergs.
19:41 of 3rd period - Deflect By Miro Heiskanen.
19:41 of 3rd period - Shot Blocked by Charlie McAvoy.
19:41 of 3rd period - Puck is out of play.
19:42 of 3rd period - Nick Suzuki wins face-off versus Tyson Jost in Reign zone.
19:42 of 3rd period - Nick Suzuki is hit by Roberts Lipsbergs.
19:54 of 3rd period - Slapshot by Anthony Beauvillier.
19:54 of 3rd period - Shot Blocked by Miro Heiskanen.
Goals for this period are 1 for Thunderbirds vs 1 for Reign.
Shots for this period are 16 for Thunderbirds vs 8 for Reign.